 Dungeon Crawl Stone Soup version 0.30-a0-1008-g30c9307041 (webtiles) character file.

Game seed: 4964918666374483536

420 lessens the Ruffian (level 6, -3/48 HPs)
             Began as an Armataur Conjurer on Apr 6, 2023.
             Slain by an ogre
             ... wielding a +0 giant club
              (7 damage)
             ... on level 4 of the Dungeon.
             The game lasted 00:06:22 (4646 turns).

lessens the Ruffian (Armataur Conjurer)             Turns: 4646, Time: 00:06:23

Health: -3/48      AC:  8    Str: 14    XL:     6   Next: 62%
Magic:  8/8        EV:  9    Int: 25    God:
Gold:   127        SH:  0    Dex:  8    Spells: 7/8 levels left

rFire   . . .      SeeInvis .    e - +1 hand axe (venom)
rCold   . . .      Faith    .    (no shield)
rNeg    . . .      Spirit   .    a - +0 robe
rPois   .          Reflect  .    (helmet restricted)
rElec   .          Roll     +    (no cloak)
rCorr   .                        (no gloves)
Will    .....                    (no barding)
Stlth   ++                       (no amulet)
HPRegen 0.28/turn                w - +6 ring of intelligence
MPRegen 0.11/turn                z - +4 ring of protection

@: mighty
A: large, rugged brown scales 3, deformed body, armoured tail, roll, long
tongue, awkward tongue, antennae 1, deterioration 1, noise suppression
a: no special abilities


You were on level 4 of the Dungeon.
You visited 1 branch of the dungeon, and saw 4 of its levels.
You also visited: Sewer.

You collected 127 gold pieces.

Inventory:

Hand Weapons
 e - a +1 hand axe of venom (weapon)
Missiles
 f - 48 stones
 y - a throwing net
Armour
 a - a +0 robe (worn)
 d - a +0 ring mail
 r - a +0 scale mail
Jewellery
 u - the amulet "Cukh" {Spirit rCorr Str+2}
   (You found it in a sewer)

   [amulet of guardian spirit]

   It causes incoming damage to be divided between your reserves of health and
   magic.
   Str:       It affects your strength (+2).
   rCorr:     It protects you from acid and corrosion.
 w - a +6 ring of intelligence (left hand)
 z - a +4 ring of protection (right hand)
Wands
 p - a wand of light (5)
Scrolls
 c - 2 scrolls of enchant weapon {unknown}
 g - 5 scrolls of fog {unknown}
 h - 2 scrolls of teleportation {unknown}
 i - a scroll of vulnerability {unknown}
 j - 3 scrolls of identify {unknown}
 m - 2 scrolls of fear {unknown}
 s - a scroll of amnesia {unknown}
 t - a scroll of enchant armour {unknown}
 x - a scroll of magic mapping {unknown}
Potions
 b - 2 potions of magic
 l - a potion of heal wounds {unknown}
 n - a potion of brilliance {unknown}
 o - a potion of flight {unknown}
 q - 2 potions of mutation
 v - a potion of curing


   Skills:
 - Level 1.3 Dodging
 - Level 2.1 Stealth
 + Level 6.2 Unarmed Combat
 - Level 1.7 Spellcasting
 - Level 3.6 Conjurations


You had 7 spell levels left.
You knew the following spells:

 Your Spells              Type           Power      Damage    Failure   Level
a - Magic Dart            Conj           80%        1d7       2%          1

Your spell library contained the following spells:

 Spells                   Type           Power      Damage    Failure   Level
 Searing Ray              Conj           40%        2d5       4%          2
 Apportation              Tloc           4%         N/A       12%         1
 Necrotise                Necr           8%         1d4       12%         1
 Sting                    Tmut/Pois      8%         1d3       12%         1
 Summon Small Mammal      Summ           8%         N/A       12%         1
 Poisonous Vapours        Pois/Air       4%         N/A       17%         2
 Scorch                   Fire           4%         2d5       17%         2
 Dazzling Flash           Conj/Hex       22%        N/A       17%         3
 Volatile Blastmotes      Fire/Tloc      4%         2d10      34%         3
 Flame Wave               Conj/Fire      11%        2d6       50%         4
 Fulminant Prism          Conj/Hex       5%         3d7       50%         4
 Iskenderun's Mystic Bla  Conj/Tloc      11%        2d4       50%         4
 Olgreb's Toxic Radiance  Pois           2%         N/A       75%         4
 Starburst                Conj/Fire      5%         6d4       100%        6
 Summon Cactus Giant      Summ           1%         N/A       100%        6


Dungeon Overview and Level Annotations

Branches:
Dungeon (4/15) Zot: 19879   Sewer (visited)
 Temple: D:4-7

Altars:


Innate Abilities, Weirdness & Mutations

You are completely covered in rugged brown scales. (AC +3, +7% HP)
Armour fits poorly on your strangely shaped body.
You have a long armoured tail.
You roll when moving toward enemies. (Rampage)
Your long tongue fully drains potion bottles. (2x potion effects)
Your tongue gives you trouble enunciating. (1.5x scroll delay)
You have a pair of small antennae on your head.
Your body sometimes deteriorates upon taking damage.
You passively dampen the noise of your surroundings.


Message History

A dart slug is nearby!
No target in view!
No target in view!
You roll towards the dart slug!
You hit the dart slug but do no damage.
The dart slug is poisoned.
The dart slug closely misses you.
You barely miss the dart slug.
The dart slug is heavily wounded.
The dart slug bites you but does no damage.
You barely miss the dart slug. You punch the dart slug.
You kill the dart slug!
No target in view!
An ogre comes into view. It is wielding a +0 giant club.
An ogre is nearby!
An ogre is nearby!
You roll towards the ogre!
The ogre shouts!
You roll towards the ogre!
You hit the ogre.
The ogre is poisoned.
The ogre is lightly wounded.
The ogre hits you with a +0 giant club!!
Ouch! That really hurt!
You are too injured to fight recklessly!
You are too injured to fight recklessly!
You hit the ogre.
The ogre looks as sick as possible!
The ogre is lightly wounded.
The ogre hits you with a +0 giant club!
Okay, then.
It was a potion of mutation.
You feel extremely strange.
You feel yourself wasting away. A pair of antennae grows on your head!
You feel your surroundings grow quieter.
You slurp down every last drop of the potion of mutation!
The ogre hits you with a +0 giant club!
* * * LOW HITPOINT WARNING * * *
It was a potion of might.
You feel very mighty all of a sudden.
You slurp down every last drop of the potion of might!
You closely miss the ogre.
The ogre is heavily wounded.
The ogre hits you with a +0 giant club!
You die...

..# #.# #####.###
#.......# #.#.....#
#.......# #....O..#
#....@..# #.......#
#.......# ##......#
####.#########
#..........# #..##...##.#
#.#.####..##...##.########
#.........#.....<........#


You could see an ogre (very poisoned).

Vanquished Creatures
  2 bullfrogs (Sewer)
  Terence (D:2)
  Natasha (thrice) (D:2)
  A gnoll (D:1)
  11 adders
  A worm (D:3)
  2 dart slugs
  2 orcs
  7 endoplasms
  7 giant cockroaches
  5 goblins
  5 hobgoblins
  4 kobolds
  7 quokkas
  11 ball pythons
  8 bats
  9 frilled lizards
  4 rats
90 creatures vanquished.

Notes
Turn   | Place    | Note
-------+----------+-------------------------------------------
     0 | D:1      | lessens the Armataur Conjurer began the quest for the Orb.
     0 | D:1      | Reached XP level 1. HP: 14/14 MP: 3/3
   187 | D:1      | Reached skill level 1 in Unarmed Combat
   386 | D:1      | Reached XP level 2. HP: 21/21 MP: 2/4
   756 | D:1      | Reached skill level 2 in Unarmed Combat
  1005 | D:1      | Reached XP level 3. HP: 24/27 MP: 1/5
  1607 | D:2      | Reached skill level 3 in Unarmed Combat
  1734 | D:2      | Reached XP level 4. HP: 7/35 MP: 1/6
  2028 | D:2      | Found a faded altar of an unknown god.
  2082 | D:2      | Noticed Natasha
  2089 | D:2      | Killed Natasha
  2090 | D:2      | Reached skill level 4 in Unarmed Combat
  2139 | D:2      | Noticed Natasha
  2148 | D:2      | Killed Natasha
  2307 | D:2      | Reached XP level 5. HP: 40/40 MP: 7/7
  2457 | D:2      | Noticed Natasha
  2472 | D:2      | Killed Natasha
  2598 | D:2      | Noticed Terence
  2603 | D:2      | Killed Terence
  3271 | D:3      | Found a glowing drain.
  3284 | Sewer    | Entered a sewer
  3342 | Sewer    | Reached skill level 5 in Unarmed Combat
  3759 | Sewer    | Reached XP level 6. HP: 40/48 MP: 4/8
  3764 | Sewer    | Reached skill level 6 in Unarmed Combat
  3771 | Sewer    | Identified the amulet "Cukh" {Spirit rCorr Str+2}
  4644 | D:4      | Gained mutation: Your body sometimes deteriorates upon
                  | taking damage. [potion of mutation]
  4644 | D:4      | Gained mutation: You have a pair of small antennae on your
                  | head. [potion of mutation]
  4644 | D:4      | Gained mutation: You passively dampen the noise of your
                  | surroundings. [potion of mutation]
  4646 | D:4      | Slain by an ogre

Illustrated notes

Levels and vault maps discovered:
D:1:      minmay_arrival_nine_rooms, layout_basic
D:2:      layout_loops_ring, shapermc_ecumenical_altar_starsandcircs,
          uniq_natasha, uniq_terence
D:3:      layout_basic, cheibrodos_sewer_entry_sluice
D:4:      layout_loops_cross, wad_rectangle_vault

Skill      XL: |  1  2  3  4  5  6 |
---------------+-------------------+-----
Unarmed Combat | 1 2 3 4 5 6 |  6.2
Dodging        | |  1.3
Stealth        | |  2.1
Spellcasting   | |  1.7
Conjurations   | |  3.6

Action                     |  1- 3 |  4- 6 || total
---------------------------+-------+-------++-------
  Melee: Unarmed           |     1 |       ||     1
         Hand axe          |    18 |   123 ||   141
         Tailslap          |     3 |    13 ||    16
         Punch             |       |     7 ||     7
   Cast: Magic Dart        |    65 |    26 ||    91
    Use: Potion            |       |     2 ||     2
   Stab: Sleeping          |       |     5 ||     5
 Armour: Robe              |    11 |    46 ||    57
  Dodge: Dodged            |    11 |    60 ||    71

Table legend: (Time is in decaauts)
 A = Elapsed time spent in this place.
 B = Non-inter-level travel time spent in this place.
 C = Inter-level travel time spent in this place.
 D = Time resting spent in this place.
 E = Time spent auto-exploring this place.
 F = Levels seen in this place.
 G = Mean time per level.
                   A        B        C        D        E       F      G
               +--------+--------+--------+--------+--------+-----+--------+
         Total |   4692 |   4535 |    157 |    312 |   3377 |   5 |  938.4 |
       Dungeon |   4119 |   3962 |    157 |    107 |   3222 |   4 | 1029.8 |
         Sewer |    572 |    572 |      0 |    205 |    155 |   1 |  572.0 |
               +--------+--------+--------+--------+--------+-----+--------+

Top non-repeatable levels by time:
     D:1: 1511 daAuts
     D:2: 1482 daAuts
     D:3: 950 daAuts
   Sewer: 572 daAuts
     D:4: 174 daAuts
